 Dungeon Crawl Stone Soup version 0.31.0-11-ge490571c62 (webtiles) character file.

Game seed: 12877185750054633703

449 qw the Skirmisher (level 6, -3/37 HPs)
             Began as a Deep Elf Hunter on Feb 5, 2024.
             Slain by a vampire (7 damage)
             ... on level 5 of the Dungeon.
             The game lasted 00:01:38 (3526 turns).

qw the Skirmisher (Deep Elf Hunter)                 Turns: 3526, Time: 00:01:39

Health: -3/37      AC:  7    Str: 10    XL:     6   Next: 74%
Magic:  8/8        EV: 11    Int: 14    God:
Gold:   152        SH:  0    Dex: 18    Spells: 5/5 levels left

rFire   . . .        a - +1 shortbow
rCold   . . .        (shield currently unavailable)
rNeg    . . .        g - +0 ring mail
rPois   .            (no helmet)
rElec   .            b - +0 cloak
rCorr   .            e - +0 pair of gloves
SInv    .            (no boots)
Will    .....        (no amulet)
Stlth   +            (no ring)
HPRegen 0.26/turn    (no ring)
MPRegen 0.11/turn

%: no passive effects
@: no status effects
A: no striking features
a: no special abilities


You were on level 5 of the Dungeon.
You visited 1 branch of the dungeon, and saw 5 of its levels.

You collected 196 gold pieces.
You spent 44 gold pieces at shops.


   Skills:
 - Level 3.3 Fighting
 + Level 9.3 Ranged Weapons
 - Level 1.0 Armour
 - Level 2.4 Dodging
 - Level 1.2 Stealth


You had 5 spell levels left.
You didn't know any spells.
Your spell library was empty.

Inventory:

Hand Weapons
 a - a +1 shortbow (weapon)
Armour
 b - a +0 cloak (worn)
 e - a +0 pair of gloves (worn)
 g - a +0 ring mail (worn)
Jewellery
 k - an amulet of the acrobat
Wands
 c - a wand of polymorph (7)
Potions
 d - 2 potions of might
 f - a potion of resistance {unknown}
 h - a potion of haste {unknown}
 i - a potion of curing
 j - a potion of heal wounds

Dungeon Overview and Level Annotations

Branches:
Dungeon (5/15)
 Temple: D:4-7

Altars:
Fedhas
Kikubaaqudgha
Nemelex Xobeh
Sif Muna

Shops:
D:2 ?

Annotations:
D:3 2 transporters, qw's ghost, weakling DEHu


Message History

HP restored.
You see here a scorpion corpse.
Found a potion of attraction.
k - an amulet of the acrobat You see here the +9 war axe of Risk Management {flame, *Slow rElec Will++}.
A vampire comes into view.
You shoot an arrow. The arrow hits the vampire!
The vampire is moderately damaged.
You shoot an arrow. The arrow hits the vampire.
The vampire is moderately damaged.
You shoot an arrow. The arrow hits the vampire.
The vampire is heavily damaged.
You shoot an arrow. The arrow barely misses the vampire.
You shoot an arrow.
The arrow hits the vampire but does no damage.
The vampire is heavily damaged.
You shoot an arrow.
The arrow hits the vampire but does no damage.
The vampire is heavily damaged.
The vampire hits you but does no damage.
The vampire misses you.
You shoot an arrow.
The arrow hits the vampire but does no damage.
The vampire is heavily damaged.
The vampire hits you!
The vampire bites you but does no damage.
You shoot an arrow. The arrow hits the vampire!
The vampire is severely damaged.
The vampire gestures wildly while chanting.
The vampire flickers and vanishes!
Deactivating autopickup; reactivate with Ctrl-A.
You shoot an arrow. Something hits you. Something bites you.
Something draws strength from your injuries!
You shoot an arrow. Something hits you! Something bites you.
Something draws strength from your injuries!
You shoot an arrow. Something hits you but does no damage. Something bites you!
You die...

. #..<....#
#.[...###.#####.####
#.#........).##....#
.##.....###.##.....#.#
...... #.#####....#
#.... #...:...#.## ...
#########.# #.#######
#.# ###{@.....#
####.####
..........)..#
#)...%..#
#.####.......#
#.#.#.#.# #.......#
#..###..#
#..!....###...#.#.#
#...........##.##.#
#.......###.#####.#
##.###.## #... ..# #.
...# #.### ###


There were no monsters in sight!

Vanquished Creatures
  Sigmund (D:4)
  2 scorpions
  A jelly (D:4)
  6 adders
  A ribbon worm (D:3)
  4 dart slugs
  An orc (D:4)
  4 bats
  8 endoplasms
  4 giant cockroaches
  9 goblins
  8 hobgoblins
  8 jackals
  3 quokkas
  3 ball pythons
  6 frilled lizards
  5 kobolds
  7 rats
81 creatures vanquished.

Notes
Turn   | Place    | Note
-------+----------+-------------------------------------------
     0 | D:1      | qw the Deep Elf Hunter began the quest for the Orb.
     0 | D:1      | Reached XP level 1. HP: 12/12 MP: 3/3
     0 | D:1      | 0 ||| qw: Version: 0.3-a-160-g6735b56
     0 | D:1      | 0 ||| qw: Game counter: 6351
     0 | D:1      | 0 ||| qw: Melee chars always use a shield: true
     0 | D:1      | 0 ||| qw: God list: Okawaru
     0 | D:1      | 0 ||| qw: Allow faded altars: false
     0 | D:1      | 0 ||| qw: Do Orc after clearing Dungeon:15 true
     0 | D:1      | 0 ||| qw: Do second Lair branch before Depths: true
     0 | D:1      | 0 ||| qw: Lair rune preference: random
     0 | D:1      | 0 ||| qw: Goals: Normal
     0 | D:1      | 0 ||| PLANNING D:1-11
   108 | D:1      | Reached skill level 6 in Ranged Weapons
   108 | D:1      | Reached XP level 2. HP: 16/16 MP: 4/4
   448 | D:1      | HP: 3/16 [jackal (3)]
   452 | D:1      | HP: 1/16 [jackal (3)]
   870 | D:1      | 870 ||| UPGRADING to +0 pair of gloves.
   875 | D:1      | 875 ||| UPGRADING to +0 ring mail.
   885 | D:1      | 885 ||| DROPPING +0 leather armour.
   886 | D:1      | 886 ||| READING scroll labelled BEUSAK HAHA.
   887 | D:1      | 887 ||| DRINKING 2 bubbling clear potions.
   888 | D:1      | 888 ||| DROPPING scroll of butterflies.
   933 | D:2      | Reached XP level 3. HP: 20/20 MP: 5/5
   940 | D:2      | 940 ||| FLEEEEING.
   941 | D:2      | 941 ||| FLEEEEING.
  1092 | D:2      | Reached skill level 7 in Ranged Weapons
  1092 | D:2      | 1092 ||| FLEEEEING.
  1229 | D:2      | Found Ycwoat's Magic Scroll Emporium.
  1235 | D:2      | 1235 ||| SHOPLISTING scroll of brand weapon (104 gold, have
                  | 45).
  1235 | D:2      | 1235 ||| BUYING scroll of identify (22 gold).
  1235 | D:2      | Bought a scroll of identify for 22 gold pieces
  1235 | D:2      | 1235 ||| BUYING scroll of identify (22 gold).
  1235 | D:2      | Bought a scroll of identify for 22 gold pieces
  1235 | D:2      | 1235 ||| SHOPLISTING scroll of identify (22 gold, have 1).
  1235 | D:2      | 1235 ||| SHOPLISTING scroll of teleportation (33 gold, have
                  | 1).
  1258 | D:2      | Reached XP level 4. HP: 25/25 MP: 6/6
  1358 | D:2      | Found Pasef's Magic Scroll Shop.
  1401 | D:2      | Found an ancient bone altar of Kikubaaqudgha.
  1688 | D:2      | 1688 ||| UPGRADING to +0 cloak.
  1693 | D:2      | 1693 ||| DROPPING +1 robe of positive energy.
  1694 | D:2      | 1694 ||| READING 3 scrolls of identify.
  1694 | D:2      | 1694 ||| IDENTIFYING fuming silvery potion
  1695 | D:2      | 1695 ||| READING 2 scrolls of identify.
  1695 | D:2      | 1695 ||| IDENTIFYING red potion
  1696 | D:2      | 1696 ||| READING scroll of identify.
  1696 | D:2      | 1696 ||| IDENTIFYING clear potion
  1697 | D:2      | 1697 ||| READING scroll labelled GIOMIAZ CODGHA.
  1697 | D:2      | 1697 ||| ENCHANTING +0 shortbow.
  1698 | D:2      | 1698 ||| DRINKING 2 cyan potions.
  1699 | D:2      | 1699 ||| DROPPING potion of degeneration.
  1700 | D:2      | 1700 ||| DROPPING potion of brilliance.
  1701 | D:2      | 1701 ||| DROPPING potion of invisibility.
  2017 | D:3      | Reached skill level 8 in Ranged Weapons
  2169 | D:3      | Found a transporter.
  2172 | D:3      | Found a transporter.
  2174 | D:3      | Noticed a small abomination
  2175 | D:3      | Noticed qw's ghost (weakling DEHu)
  2373 | D:3      | Found a sparkling altar of Nemelex Xobeh.
  2520 | D:3      | 2520 ||| READING scroll of identify.
  2520 | D:3      | 2520 ||| IDENTIFYING sapphire potion
  2521 | D:3      | 2521 ||| DRINKING 3 bubbling grey potions.
  2522 | D:3      | 2522 ||| DROPPING 2 potions of attraction.
  2667 | D:4      | Found a blossoming altar of Fedhas.
  2703 | D:4      | Noticed a scorpion
  2709 | D:4      | Killed a scorpion
  2710 | D:4      | Reached skill level 9 in Ranged Weapons
  2710 | D:4      | Reached XP level 5. HP: 29/29 MP: 7/7
  2732 | D:4      | Noticed Sigmund
  2741 | D:4      | Killed Sigmund
  2742 | D:4      | Reached skill level 3 in Fighting
  2742 | D:4      | Reached XP level 6. HP: 26/37 MP: 8/8
  3039 | D:4      | Reached skill level 1 in Armour
  3226 | D:4      | Found a shimmering blue altar of Sif Muna.
  3308 | D:4      | 3308 ||| READING scroll labelled NUILYF CAWUE.
  3326 | D:5      | Entered Level 5 of the Dungeon
  3327 | D:5      | 3327 ||| PLANNING SEWER
  3354 | D:5      | HP: 8/37 [poisoned by a scorpion]
  3359 | D:5      | HP: 4/37 [poisoned by a scorpion]
  3512 | D:5      | Identified the +9 war axe of Risk Management {flame, *Slow
                  | rElec Will++}
  3515 | D:5      | Noticed a vampire
  3525 | D:5      | HP: 8/37 [something (11)]
  3526 | D:5      | Slain by a vampire

Levels and vault maps discovered:
D:1:      dpeg_arrival_rhombi, layout_basic
D:2:      layout_loops_ring, basic_altar, serial_shops, shop,
          nicolae_shop_hallway_plus, serial_bayou_pond_c,
          minmay_misc_feat_secret_circle
D:3:      minmay_chambers_of_threes, layout_basic, mainiacjoe_overflow_brackets,
          gammafunk_ghost_abyssal_escape, kennysheep_minor_cross
D:4:      layout_basic, nicolae_sif_muna_little_library, fedhas_altar_3,
          uniq_sigmund
D:5:      layout_loops_cross, portal_sewer_entry_f, lemuel_flame_loot_1,
          uniq_edmund

Skill      XL: |  1  2  3  4  5  6 |
---------------+-------------------+-----
Ranged Weapons | 6 7 9 |  9.3
Fighting       | 3 |  3.3
Armour         | 1 |  1.0
Dodging        | |  2.4
Stealth        | |  1.2

Action                     |  1- 3 |  4- 6 || total
---------------------------+-------+-------++-------
   Fire: Shortbow          |   124 |   141 ||   265
    Use: Scroll            |     1 |     6 ||     7
         Potion            |     1 |     2 ||     3
 Armour: Leather armour    |    23 |       ||    23
         Ring mail         |    13 |    42 ||    55
  Dodge: Dodged            |    36 |    37 ||    73

Table legend:
 A = Non-vault XP
 B = Vault XP
 C = Vault XP percentage of total XP
 D = Non-vault monster count
 E = Vault monster count
 F = Vault count percentage of total count
                 A         B        C        D         E       F
            +---------+---------+-------+---------+---------+-------
      Total |     384 |     258 |  40.2 |      68 |      13 |  16.0
            +---------+---------+-------+---------+---------+-------
        D:1 |      40 |       0 |   0.0 |      20 |       0 |   0.0
        D:2 |      88 |       0 |   0.0 |      25 |       0 |   0.0
        D:3 |      13 |      35 |  72.9 |       9 |      12 |  57.1
        D:4 |     163 |     223 |  57.8 |      13 |       1 |   7.1
        D:5 |      80 |       0 |   0.0 |       1 |       0 |   0.0
            +---------+---------+-------+---------+---------+-------
